 Dungeon Crawl Stone Soup version 0.19-a0-1899-g2d93087 (webtiles) character file.

32 MrRokkomies the Caller (level 2, -1/24 HPs)
             Began as a Demigod Summoner on Oct 20, 2016.
             Slain by a hobgoblin
             ... wielding a +0 club
              (3 damage)
             ... on level 1 of the Dungeon.
             The game lasted 00:02:20 (1407 turns).

MrRokkomies the Caller (Demigod Summoner)           Turns: 1407, Time: 00:02:21

Health: -1/24      AC:  3    Str: 11    XL:     2   Next: 93%
Magic:  7/7        EV: 12    Int: 19    God:
Gold:   36         SH:  0    Dex: 16    Spells: 2 memorised, 1 level left

rFire  . . .     SeeInvis .     a - +0 mace
rCold  . . .     Gourm    .     d - +0 leather armour (curse)
rNeg   . . .     Faith    .     (no shield)
rPois  .         Spirit   .     (no helmet)
rElec  .         Reflect  .     (no cloak)
rCorr  .         Harm     .     (no gloves)
MR     .....                    (no boots)
Stlth  ++........               (no amulet)
                                (no ring)
                                (no ring)

@: no status effects
A: high mp 1
a: no special abilities


You were on level 1 of the Dungeon.
You were not hungry.

You visited 1 branch of the dungeon, and saw 2 of its levels.

You collected 36 gold pieces.

Inventory:

Hand Weapons
 a - a +0 mace (weapon)
Armour
 d - a cursed +0 leather armour (worn)
Potions
 e - a potion of curing {unknown}
 g - a potion of brilliance {unknown}
Books
 b - a book of Callings

   Spells                             Type                      Level
   a - Summon Small Mammal            Summoning                    1
   b - Call Imp                       Summoning                    2
   c - Call Canine Familiar           Summoning                    3
   d - Summon Guardian Golem          Hexes/Summoning              3
   e - Summon Lightning Spire         Summoning/Air                4
   f - Summon Ice Beast               Ice/Summoning                4
Comestibles
 c - 2 bread rations
 f - 4 fruits
 h - a slice of pizza
 i - a chunk of flesh


   Skills:
 * Level 2.0 Fighting
 - Level 1.7 Dodging
 - Level 1.7 Stealth
 - Level 1.7 Spellcasting
 * Level 3.9 Summonings


You had one spell level left.
You knew the following spells:

 Your Spells              Type           Power        Failure   Level  Hunger
a - Summon Small Mammal   Summ           ###.         6%          1    #......
b - Call Imp              Summ           ###.....     10%         2    ###....


Dungeon Overview and Level Annotations

Branches:
Dungeon (2/15)


Innate Abilities, Weirdness & Mutations

You have an increased reservoir of magic. (+10% MP)


Message History

The hobgoblin completely misses you.
You barely miss the hobgoblin.
The hobgoblin is moderately wounded.
The hobgoblin closely misses you.
You barely miss the hobgoblin.
The hobgoblin is moderately wounded.
The hobgoblin hits you with a club.
* * * LOW HITPOINT WARNING * * *
The hobgoblin hits you with a club.
* * * LOW HITPOINT WARNING * * *
You hit the hobgoblin.
The hobgoblin is heavily wounded.
The hobgoblin closely misses you.
You hit the hobgoblin.
The hobgoblin is severely wounded.
The hobgoblin barely misses you.
You barely miss the hobgoblin.
The hobgoblin is severely wounded.
The hobgoblin hits you with a club.
You die...

#.# ##.#.#.#.#.#.##### #.#
#.#.#.#.#.#.#..... #.#
##.#.#.#.#.#..##.# #.#
##.###.##....##.# #.#
##.#.########... #####.#####
##.## #.... #.........###
#.# #....
#.###.###.#.################
#.# #.# #..@g#..##...##.###.
#.# #.###....#..(.###.##.#.#
#.# #........#<.######.#.#..
#.# #####....#....##.#..##.#
#.# #....#..##.#.#.###.#
#.#######.#.#######..##.###.
#.........#.......######...#
#########......#### ######
#.###### #.##.#


You could see a hobgoblin.

Vanquished Creatures
  2 leopard geckos (D:1)
  3 giant cockroaches (D:1)
  3 goblins (D:1)
  4 hobgoblins (D:1)
  3 jackals (D:2)
  3 kobolds (D:1)
  2 frilled lizards (D:1)
  7 rats (D:1)
  A plant (D:1)
28 creatures vanquished.

Notes
Turn   | Place    | Note
-------+----------+-------------------------------------------
     0 | D:1      | MrRokkomies the Demigod Summoner began the quest for the Orb.
     0 | D:1      | Reached XP level 1. HP: 14/14 MP: 5/5
   173 | D:1      | Reached skill level 1 in Fighting
   407 | D:1      | Reached XP level 2. HP: 23/23 MP: 7/7
  1373 | D:2      | Learned a level 2 spell: Call Imp
  1404 | D:1      | HP: 1/24 [hobgoblin/club (5)]
  1407 | D:1      | Slain by a hobgoblin

Vault maps used:
D:1:      dpeg_arrival_signposts, serial_bayou_lagoon_a,
          hangedman_abyss_or_decor_lesser_grid, minivault_23
D:2:      serial_curves, eino_curves_04, eino_curves_03, bloody_trog,
          uniq_sigmund

Skill      XL: |  1  2 |
---------------+-------+-----
Fighting       | 1 2 |  2.0
Dodging        | |  1.7
Stealth        | |  1.7
Spellcasting   | |  1.7
Summonings     | |  3.9

Action                   || total
-------------------------++-------
Melee: Mace              ||   127
 Stab: Sleeping          ||     3
       Distracted        ||     1
  Eat: Chunk             ||     2
Armor: Leather armour    ||    17
Dodge: Dodged            ||    60
